 Dungeon Crawl Stone Soup version 0.22.0-60-ga52c2fc (webtiles) character file.

192 Anon1729 the Chopper (level 5, -3/49 HPs)
             Began as a Naga Gladiator on Sept 10, 2018.
             Killed by nerve-wracking pain
             ... invoked by an orc priest
              (7 damage)
             ... on level 4 of the Dungeon.
             The game lasted 00:03:41 (3481 turns).

Anon1729 the Chopper (Naga Gladiator)               Turns: 3481, Time: 00:03:42

Health: -3/49      AC:  6    Str: 16    XL:     5   Next: 71%
Magic:  5/5        EV: 15    Int: 10    God:
Gold:   170        SH:  0    Dex: 11    Spells: 4/4 levels left

rFire    . . .     SeeInvis +   a - +0 war axe
rCold    + . .     Gourm    .   (no shield)
rNeg     . . .     Faith    .   C - +2 leather armour {rC+}
rPois    +         Spirit   .   c - +0 helmet
rElec    .         Reflect  .   (no cloak)
rCorr    +         Harm     .   (no gloves)
MR       .....                  (no barding)
Stlth    ++........             i - amulet of the acrobat
HPRegen  0.16/turn              g - -6 ring of dexterity (curse)
MPRegen  0.09/turn              E - ring of resist corrosion

@: agile, very slow
A: large, see invisible, deformed body, poison resistance, slowness 2, slow
metabolism 1, spit poison 1, AC +1
a: Spit Poison


You were on level 4 of the Dungeon.
You were not hungry.

You visited 1 branch of the dungeon, and saw 4 of its levels.

You collected 170 gold pieces.

Inventory:

Hand Weapons
 a - a +0 war axe (weapon)
Missiles
 d - 3 throwing nets (quivered)
Armour
 b - a +0 leather armour
 c - a +0 helmet (worn)
 j - a +2 helmet of see invisible
 C - a +2 leather armour of cold resistance (worn)
Jewellery
 g - a cursed -6 ring of dexterity (left hand)
 i - an amulet of the acrobat (around neck)
 p - an uncursed amulet of regeneration
 v - an uncursed ring of protection from fire
 x - an uncursed ring of magical power
 y - an uncursed ring of protection from cold
 E - a ring of resist corrosion (right hand)
Scrolls
 e - 3 scrolls of identify {unknown}
 n - a scroll of amnesia {unknown}
 s - a scroll of immolation {unknown}
 u - 2 scrolls of remove curse {unknown}
 w - a scroll of enchant weapon {unknown}
 F - a scroll of enchant armour {unknown}
Potions
 h - a potion of haste {unknown}
 k - a potion of flight {unknown}
 l - 3 potions of agility
 m - 2 potions of cancellation {unknown}
 o - a potion of invisibility {unknown}
 q - a potion of berserk rage {unknown}
 r - a potion of mutation {unknown}
 t - a potion of might {unknown}
 z - a potion of magic {unknown}
 A - a potion of heal wounds {unknown}
 B - 2 potions of brilliance {unknown}
Comestibles
 f - 3 rations


   Skills:
 + Level 3.1 Fighting
 * Level 4.5 Axes
 - Level 2.0 Throwing
 + Level 1.6 Armour
 - Level 3.0 Dodging


You had 4 spell levels left.
You didn't know any spells.
Your spell library was empty.

Dungeon Overview and Level Annotations

Branches:
Dungeon (4/15)
 Temple: D:4-7

Altars:
Okawaru
Trog


Innate Abilities, Weirdness & Mutations

You cannot wear boots.
Your serpentine skin is tough. (AC +1)
You have supernaturally acute eyesight. (SInv)
Armour fits poorly on your strangely shaped body.
Your system is resistant to poisons. (rPois)
You cover ground very slowly.
You have a slow metabolism.
You can spit poison.


Message History

Beogh smites you!
* * * LOW HITPOINT WARNING * * *
You hit the orc priest.
You kill the orc priest!
You barely miss the orc priest.
The orc priest hits you but does no damage.
Unknown command.
You aren't carrying any items that you can evoke.
It was a potion of agility.
You feel agile all of a sudden. The orc priest completely misses you.
You hit the orc priest but do no damage.
The orc priest hits you but does no damage.
Unknown command.
You closely miss the orc priest. The orc priest barely misses you.
Unknown command.
You barely miss the orc priest.
The orc priest mumbles some strange prayers to Beogh against you.
Pain shoots through your body!
You die...

#...........# #
###.######...........###
...>..).................
........................
.....................###
....)......###########..
...........# #..
......o....###### #..
......)@........# ###
#########.......#
#.......# #####
#.......# #....
######### #.... #....
#.... #.... ########....


You could see an orc priest.

Vanquished Creatures
  A bullfrog skeleton (D:4)
  An orc priest (D:4)
  5 adders
  3 worms
  4 dart slugs
  A leopard gecko (D:4)
  2 orcs
  4 giant cockroaches
  7 goblins
  10 hobgoblins
  A jackal (D:1)
  11 kobolds
  2 quokkas
  6 bats
  4 frilled lizards
  11 rats
73 creatures vanquished.

Notes
Turn   | Place    | Note
-------+----------+-------------------------------------------
     0 | D:1      | Anon1729 the Naga Gladiator began the quest for the Orb.
     0 | D:1      | Reached XP level 1. HP: 19/19 MP: 1/1
    91 | D:1      | Reached XP level 2. HP: 19/26 MP: 2/2
   723 | D:1      | Reached XP level 3. HP: 10/32 MP: 3/3
  1473 | D:2      | Reached skill level 1 in Armour
  1481 | D:2      | Reached XP level 4. HP: 32/40 MP: 4/4
  2381 | D:3      | Reached skill level 4 in Axes
  3062 | D:3      | Found a bloodstained altar of Trog.
  3070 | D:3      | Reached XP level 5. HP: 47/48 MP: 5/5
  3321 | D:4      | Found an iron altar of Okawaru.
  3481 | D:4      | Killed from afar by an orc priest

Skill      XL: |  1  2  3  4  5 |
---------------+----------------+-----
Throwing       | 2 |  2.0
Armour         | 1 |  1.6
Axes           | 4 |  4.5
Dodging        | 3 |  3.0
Fighting       | 3 |  3.1

Action                   |  1- 3 |  4- 6 || total
-------------------------+-------+-------++-------
Melee: War axe           |    99 |   137 ||   236
 Abil: Spit Poison       |     2 |     5 ||     7
  Use: Potion            |       |     1 ||     1
  Eat: Chunk             |     1 |     6 ||     7
Armor: Leather armour    |    34 |    52 ||    86
Dodge: Dodged            |    78 |   103 ||   181
